 Seeded DCSS version 0.29-a0-72-g1732ff48e7 (webtiles) character file.

Game seed: 10000000000011 (custom seed)

9342 knot the Cleaver (level 11, -3/75 HPs)
             Began as a Demonspawn Berserker on Feb 4, 2022.
             Was a Believer of Trog.
             Slain by a dream sheep (7 damage)
             ... on level 1 of the Lair of Beasts.
             The game lasted 00:23:50 (13764 turns).

knot the Cleaver (Demonspawn Berserker)            Turns: 13764, Time: 00:23:50

Health: -3/75      AC: 14    Str: 17    XL:     11   Next: 21%
Magic:  0/21       EV:  8    Int: 17    God:    Trog [**....]
Gold:   256        SH:  5    Dex: 14    Spells: 10/10 levels left

rFire   + . .      SeeInvis .   w - +2 hand axe
rCold   + + .      Faith    .   (no shield)
rNeg    . . .      Spirit   +   I - +1 chain mail of Urghimes {Fly rPois rC+ Slay-2 Stlth+}
rPois   +          Reflect  +   y - +3 hat of Pondering {ponderous, Will+ MP+10 Int+5}
rElec   +          Harm     .   H - +1 cloak {Stlth+}
rCorr   +          Rampage  .   (gloves unavailable)
Will    +....                   (no boots)
Stlth   +.........              d - amulet of reflection
HPRegen 0.22/turn               (no ring)
MPRegen 0.34/turn               (no ring)

@: brilliant, resistant, flying, mesmerised, slow
A: powered by death 1, magic shield, magic regeneration, sturdy frame 1, demonic
touch 3
a: Renounce Religion, Berserk, Trog's Hand


You were on level 1 of the Lair of Beasts.
You worshipped Trog.
Trog was pleased with you.
You visited 3 branches of the dungeon, and saw 11 of its levels.

You collected 596 gold pieces.
You spent 340 gold pieces at shops.

Inventory:

Hand Weapons
 k - a +3 scimitar of flaming
 s - a +0 war axe
 w - a +2 hand axe (weapon)
 D - a +0 battleaxe
Missiles
 f - 212 stones
 p - 7 boomerangs (quivered)
 u - 22 sling bullets
 v - 2 throwing nets
 E - 6 poisoned darts
Armour
 a - a +2 robe of fire resistance
 y - the +3 hat of Pondering (worn) {ponderous, Will+ MP+10 Int+5}
   (You found it on level 8 of the Dungeon)

   Int:       It affects your intelligence (+5).
   MP:        It affects your magic capacity (+10).
   Will:      It increases your willpower.
 A - a +2 robe of cold resistance
 H - a +1 cloak of stealth (worn)
 I - the +1 chain mail of Urghimes (worn) {Fly rPois rC+ Slay-2 Stlth+}
   (You bought it in a shop on level 3 of the Dungeon)

   Slay:      It affects your accuracy & damage with ranged weapons and melee
   (-2).
   rC:        It protects you from cold.
   rPois:     It protects you from poison.
   Fly:       It grants you flight.
   Stlth:     It makes you more stealthy.
Jewellery
 d - an amulet of reflection (around neck)
 l - a ring of willpower
Wands
 j - a wand of iceblast (14)
 o - a wand of polymorph (13)
 r - a wand of flame (15)
Scrolls
 c - 2 scrolls of amnesia {unknown}
 e - 3 scrolls of teleportation {unknown}
 g - 2 scrolls of holy word {unknown}
 i - 6 scrolls of identify {unknown}
 m - 2 scrolls of blinking
 n - 2 scrolls of fog {unknown}
 C - a scroll of magic mapping {unknown}
 F - a scroll of torment {unknown}
 G - a scroll of fear {unknown}
Potions
 b - 6 potions of curing
 t - a potion of resistance
 x - a potion of berserk rage {unknown}
 z - 2 potions of attraction {unknown}


   Skills:
 - Level 3.0 Fighting
 * Level 13.1 Axes
 * Level 9.8 Throwing
 - Level 1.7 Armour
 - Level 1.7 Dodging


You had 10 spell levels left.
You didn't know any spells.
Your spell library contained the following spells:

 Spells                   Type           Power      Damage    Failure   Level
 Pain                     Necr           0%         1d4       88%         1
 Corpse Rot               Necr/Air       0%         N/A       96%         2
 Ensorcelled Hibernation  Hex/Ice        0%         N/A       96%         2
 Passwall                 Tmut/Erth      0%         N/A       96%         2
 Poisonous Vapours        Pois/Air       0%         N/A       96%         2
 Ozocubu's Armour         Ice            0%         N/A       99%         3
 Summon Guardian Golem    Hex/Summ       0%         N/A       99%         3
 Swiftness                Air            0%         N/A       99%         3
 Tukima's Dance           Hex            0%         N/A       99%         3
 Anguish                  Hex/Necr       0%         N/A       100%        4
 Agony                    Necr           0%         N/A       100%        5
 Excruciating Wounds      Necr           0%         N/A       100%        5
 Metabolic Englaciation   Hex/Ice        0%         N/A       100%        5
 Simulacrum               Ice/Necr       0%         N/A       100%        6
 Enfeeble                 Hex            0%         N/A       100%        7
 Orb of Destruction       Conj           0%         9d5       100%        7
 Spellforged Servitor     Conj/Summ      0%         N/A       100%        7


Dungeon Overview and Level Annotations

Branches:
Dungeon (9/15)             Temple (1/1) D:4            Lair (1/6) D:9
    Orc: D:9-12

Altars:
Ashenzari
Cheibriados
Dithmenos
Fedhas
Gozag
Makhleb
Okawaru
Qazlal
Ru
Sif Muna
Trog
Uskayaw
Vehumet
Yredelemnul
Zin
The Shining One

Shops:
D:3 [   D:8 :

Annotations:
D:8 2 runed translucent doors, HuGe's ghost, novice MiBe
Lair:1 Maggie


Innate Abilities, Weirdness & Mutations

You regenerate a little health from kills.
When hurt, damage is shared between your health and your magic reserves.
You regenerate magic rapidly.
Your movements are slightly less encumbered by armour. (ER -2)
Your touch may irresistibly damage your foes and sap their willpower.


Message History

You hit the dream sheep.
You kill the dream sheep!
Trog accepts your kill.
You completely miss the dream sheep.
The dream sheep shake their wool and sparkle.
You feel drowsy...
You fall asleep.
Maggie hits you from afar with a +3 glaive!!
You wake up.
* * * LOW HITPOINT WARNING * * *
The dream sheep bites you but does no damage.
Blink to where?
Press: ? - help, Dir - move target, p - Maggie You cannot blink away from Maggie!
Blink to where?
Press: ? - help, Dir - move target
As you read the scroll labelled ULOGOILEELL, it crumbles to dust.
It was a scroll of blinking.
Maggie barely misses you.
Aiming: Polymorph
Press: ? - help, Shift-Dir - straight line, f - dream sheep
Aim: a dream sheep (will become a culicivora, a shock serpent, or a faun, chance to affect: 39%)
Okay, then.
Unknown command.
Aiming: Polymorph
Press: ? - help, Shift-Dir - straight line, f - Maggie
Aim: Maggie, wielding a +3 glaive and wearing +1 steam dragon scales (moderately wounded, mesmerising, will become a sky beast, a raiju, or a worm, chance to affect: 49%)
The dream sheep resists with some effort.
Your skin stops crawling.
You feel less strong-willed. The dream sheep bites you!
* * * LOW HITPOINT WARNING * * *
Maggie barely misses you.
The dream sheep bites you but does no damage.
Aiming: Polymorph
Press: ? - help, Shift-Dir - straight line, f/p - Maggie
Aim: Maggie, wielding a +3 glaive and wearing +1 steam dragon scales (moderately wounded, mesmerising, will become a sky beast, a raiju, or a worm, chance to affect: 49%)
The dream sheep resists with some effort.
The dream sheep bites you but does no damage.
Maggie hits you from afar with a +3 glaive!
* * * LOW HITPOINT WARNING * * *
The dream sheep bites you!
You die...

#...........#
#####..........##
...............#
...............##P#
..........†.......
#P##....##†....... #
#....##........
##....##........
#..Y@.##........
##.Y............
...@...@Y............
(......F..####.......
..........# .......
..........# .
...........
............
.............


You could see Maggie (mesmerising), a bullfrog and 3 dream sheep.

Vanquished Creatures
  Harold (D:8)
  Erica (D:8)
  A two-headed ogre (D:8)
  A black mamba (Lair:1)
  Joseph (D:7)
  A cane toad (Lair:1)
  A komodo dragon (Lair:1)
  A kobold demonologist (D:5)
  Prince Ribbit (D:8)
  5 blink frogs (Lair:1)
  A dream sheep (Lair:1)
  7 yaks
  A basilisk (Lair:1)
  An acid dragon (D:9)
  2 water moccasins
  3 orc warriors
  A black bear (D:5)
  A necrophage (D:6)
  An ice beast (D:7)
  4 ogres
  A centaur (D:8)
  A phantom (D:6)
  A kobold brigand (D:7)
  6 scorpions
  2 wyvern zombies (D:7)
  2 bullfrogs
  A wyvern skeleton (D:7)
  Dowan (D:4)
  8 killer bees
  9 wights
  4 howler monkeys
  2 centaur zombies
  3 orc priests
  3 hounds
  2 jellies
  2 bullfrog skeletons
  3 centaur skeletons
  Ijyb (D:4)
  4 orc wizards
  A scorpion zombie (D:5)
  7 adders
  A river rat (D:4)
  A shadow imp (D:7)
  A white imp (D:5)
  20 orcs
  6 endoplasms
  2 giant cockroaches
  5 goblins
  5 hobgoblins
  14 jackals
  A quokka (D:4)
  4 ball pythons
  7 bats
  5 frilled lizards
  7 kobolds
  5 rats
184 creatures vanquished.

Vanquished Creatures (others)
  15 fungi
  9 plants
24 creatures vanquished.

Grand Total: 208 creatures vanquished

Notes
Turn   | Place    | Note
-------+----------+-------------------------------------------
     0 | D:1      | knot the Demonspawn Berserker began the quest for the Orb.
     0 | D:1      | Reached XP level 1. HP: 18/18 MP: 1/1
   152 | D:1      | Reached skill level 3 in Axes
   272 | D:1      | Gained mutation: You regenerate magic rapidly. [demonic
                  | ancestry]
   272 | D:1      | Reached XP level 2. HP: 21/24 MP: 2/2
   782 | D:1      | You fall into a shaft and drop 1 floor!
   930 | D:1      | Reached ** piety under Trog
   931 | D:1      | Gained mutation: Your touch may inflict minor irresistible
                  | damage on your foes. [demonic ancestry]
   931 | D:1      | Reached XP level 3. HP: 26/29 MP: 3/3
  1239 | D:2      | Reached skill level 4 in Axes
  1569 | D:2      | Reached XP level 4. HP: 35/35 MP: 4/4
  1997 | D:3      | Noticed an ogre
  2015 | D:3      | Killed an ogre
  2016 | D:3      | Reached skill level 5 in Axes
  2016 | D:3      | Reached XP level 5. HP: 33/41 MP: 5/5
  2273 | D:3      | Found Daocsar's Antique Armour Emporium.
  3008 | D:4      | Noticed Duvessa
  3009 | D:4      | Noticed Duvessa
  3009 | D:4      | Duvessa changed into Duvessa the river rat
  3032 | D:4      | Killed Duvessa the river rat
  3083 | D:4      | Reached skill level 6 in Axes
  3182 | D:4      | Noticed Ijyb
  3219 | D:4      | Killed Ijyb
  3255 | D:4      | Noticed Dowan
  3288 | D:4      | Found a staircase to the Ecumenical Temple.
  3301 | D:4      | Killed Dowan
  3302 | D:4      | Gained mutation: Your touch may inflict irresistible damage
                  | on your foes. [demonic ancestry]
  3302 | D:4      | Reached XP level 6. HP: 7/47 MP: 6/6
  3303 | Temple   | Entered the Ecumenical Temple
  4207 | D:5      | Entered Level 5 of the Dungeon
  4216 | D:5      | Noticed a kobold demonologist
  4225 | D:5      | Killed a kobold demonologist
  4226 | D:5      | Reached skill level 7 in Axes
  4226 | D:5      | Gained mutation: When hurt, damage is shared between your
                  | health and your magic reserves. [demonic ancestry]
  4226 | D:5      | Reached XP level 7. HP: 52/52 MP: 7/7
  4633 | D:5      | Reached skill level 8 in Axes
  4655 | D:5      | HP: 2/78 [ogre (10)]
  5188 | D:5      | Reached skill level 9 in Axes
  5188 | D:5      | Reached skill level 1 in Throwing
  5188 | D:5      | Gained mutation: You regenerate a little health from kills.
                  | [demonic ancestry]
  5188 | D:5      | Reached XP level 8. HP: 58/58 MP: 6/8
  5258 | D:5      | Found a hide-covered altar of Uskayaw.
  7119 | D:6      | Found an iron altar of Okawaru.
  7564 | D:7      | Found a sacrificial altar of Ru.
  7676 | D:7      | Reached skill level 10 in Axes
  7847 | D:7      | Gained mutation: Your touch may irresistibly damage your
                  | foes and sap their willpower. [demonic ancestry]
  7847 | D:7      | Reached XP level 9. HP: 63/63 MP: 9/9
  8201 | D:7      | Reached skill level 5 in Throwing
  8477 | D:7      | Noticed Joseph
  8502 | D:7      | Killed Joseph
  8932 | D:8      | Noticed Harold
  8946 | D:8      | Killed Harold
  8947 | D:8      | Reached skill level 11 in Axes
  9284 | D:8      | Noticed a two-headed ogre
  9293 | D:8      | Killed a two-headed ogre
  9294 | D:8      | Reached XP level 10. HP: 61/70 MP: 4/10
  9490 | D:8      | Found the +3 hat of Pondering {ponderous, Will+ MP+10
                  | Int+5}
  9622 | D:8      | Found a large runed translucent door.
  9622 | D:8      | Found a large runed translucent door.
  9641 | D:8      | Noticed Prince Ribbit
  9651 | D:8      | Killed Prince Ribbit
  9888 | D:8      | Noticed Erica
  9902 | D:8      | Killed Erica
  9969 | D:8      | Noticed HuGe's ghost (novice MiBe)
 10173 | D:8      | Reached skill level 12 in Axes
 10408 | D:8      | Found Yhyquem's Self-Improvement Boutique.
 12127 | D:9      | Found a staircase to the Lair.
 12495 | D:3      | Bought a runed cloak for 150 gold pieces
 12495 | D:3      | Bought an ichor-stained chain mail for 190 gold pieces
 12495 | D:3      | Identified the +1 chain mail of Urghimes {Fly rPois rC+
                  | Slay-2 Stlth+} (You bought it in a shop on level 3 of the
                  | Dungeon)
 12658 | Lair:1   | Entered Level 1 of the Lair of Beasts
 12668 | Lair:1   | Noticed a black mamba
 12681 | Lair:1   | Killed a black mamba
 13213 | Lair:1   | Gained mutation: Your movements are slightly less
                  | encumbered by armour. (ER -2) [demonic ancestry]
 13213 | Lair:1   | Reached XP level 11. HP: 75/75 MP: 11/11
 13498 | Lair:1   | Reached skill level 13 in Axes
 13740 | Lair:1   | Noticed Maggie
 13764 | Lair:1   | Slain by a dream sheep

Illustrated notes

Levels and vault maps discovered:
D:1:      lordsloth_arrival_two_stooges, layout_basic, grunt_decor_fettered,
          minmay_misc_feat_diagonals, nicolae_concentric_dashed_squares_wild
D:2:      layout_rooms, hangedman_decor_clover_reticule
D:3:      layout_basic, serial_shops, shop, kennysheep_path_1
D:4:      layout_rooms, temple_doors_e, uniq_duvessa, uniq_ijyb
D:5:      layout_loops_cross, nicolae_uskayaw_suspiria, item_on_display_a
D:6:      layout_rooms, nicolae_overflow_hidden_temple, grunt_ministairs_6
D:7:      layout_loops_ring, nicolae_ru_awakened_eye, palyth_stone_intersect,
          minmay_misc_feat_alley, minivault_27, uniq_joseph
D:8:      layout_loops_ring, ebering_ghost_disaster_area,
          nicolae_shop_self_help, uniq_harold, uniq_erica, uniq_prince_ribbit1
D:9:      layout_grid_maze, grunt_lair_entry_orc_guard_hut
Temple:   dshaligram_water_room_temple
Lair:1:   layout_small_grid, minivault_27, grunt_forest_small_clearing_treed,
          uniq_maggie

Skill      XL: |  1  2  3  4  5  6  7  8  9 10 11 |
---------------+----------------------------------+-----
Axes           | 3 4 5 6 7 9 10 11 12 13 | 13.1
Throwing       | 1 4 7 9 |  9.8
Fighting       | |  3.0
Armour         | |  1.7
Dodging        | |  1.7

Action                   |  1- 3 |  4- 6 |  7- 9 | 10-12 || total
-------------------------+-------+-------+-------+-------++-------
Melee: Hand axe          |   102 |    86 |     7 |   275 ||   470
       Touch             |     3 |    18 |    34 |    50 ||   105
       War axe           |       |    10 |   185 |       ||   195
       Punch             |       |       |     8 |     2 ||    10
Throw: Stone             |       |    11 |    20 |     8 ||    39
       Dart              |       |     2 |     4 |    14 ||    20
       Boomerang         |       |       |     6 |    32 ||    38
Invok: Berserk           |     1 |     8 |    16 |    10 ||    35
       Trog's Hand       |       |     2 |     1 |     2 ||     5
Evoke: Wand              |       |     1 |    10 |     7 ||    18
  Use: Potion            |       |       |     5 |     2 ||     7
       Scroll            |       |       |       |     1 ||     1
 Stab: Sleeping          |     1 |       |       |       ||     1
       Paralysed         |       |       |       |     2 ||     2
Armor: Animal skin       |    21 |    15 |     5 |       ||    41
       Skin              |       |       |     5 |       ||     5
       Robe              |       |       |    13 |    26 ||    39
       Chain mail        |       |       |       |    28 ||    28
Dodge: Dodged            |    70 |    55 |    80 |    86 ||   291
Block: Other             |    30 |    28 |    32 |    59 ||   149
       Reflection        |       |       |     1 |       ||     1

Table legend: (Time is in decaauts)
 A = Elapsed time spent in this place.
 B = Non-inter-level travel time spent in this place.
 C = Inter-level travel time spent in this place.
 D = Time resting spent in this place.
 E = Time spent auto-exploring this place.
 F = Levels seen in this place.
 G = Mean time per level.
                   A        B        C        D        E       F      G
               +--------+--------+--------+--------+--------+-----+--------+
         Total |  14244 |  13431 |    813 |   5438 |   6133 |  11 | 1294.9 |
       Dungeon |  13093 |  12301 |    792 |   4723 |   5908 |   9 | 1454.8 |
        Temple |    369 |    349 |     20 |    278 |     60 |   1 |  369.0 |
          Lair |    782 |    782 |      0 |    436 |    165 |   1 |  782.0 |
               +--------+--------+--------+--------+--------+-----+--------+

Top non-repeatable levels by time:
     D:9: 2063 daAuts
     D:5: 1978 daAuts
     D:8: 1836 daAuts
     D:7: 1807 daAuts
     D:6: 1348 daAuts
     D:1: 1196 daAuts
     D:4: 1141 daAuts
     D:3: 1013 daAuts
  Lair:1: 782 daAuts
     D:2: 707 daAuts
  Temple: 369 daAuts
